 Dungeon Crawl Stone Soup version 0.31-a0-977-gc230f8ef24 (webtiles) character file.

Game seed: 11020059898992938267

20 jasper the Trooper (level 2, -2/24 HPs)
             Began as a Demonspawn Cinder Acolyte on Oct 29, 2023.
             Was a High Priest of Ignis.
             Slain by Sigmund
             ... wielding a +2 scythe of protection
              (9 damage)
             ... on level 2 of the Dungeon.
             The game lasted 00:02:29 (1066 turns).

jasper the Trooper (Demonspawn Cinder Acolyte)      Turns: 1066, Time: 00:02:30

Health: -2/24      AC: 10    Str: 11    XL:     2   Next: 58%
Magic:  2/3        EV: 10    Int: 17    God:    Ignis [*****.]
Gold:   19         SH:  0    Dex: 15    Spells: 1/3 levels left

rFire   + + .        a - -1 falchion (flame)
rCold   . . .        (no shield)
rNeg    . . .        e - +0 leather armour
rPois   .            (no helmet)
rElec   .            (no cloak)
rCorr   .            (no gloves)
SInv    +            (no boots)
Will    .....        i - amulet of regeneration
Stlth   +            g - ring of protection from fire
HPRegen 1.04/turn    (no ring)
MPRegen 0.08/turn

%: no passive effects
@: fiery-armoured
A: powered by death 1, see invisible, agile 2, clever 1
a: Renounce Religion, Fiery Armour, Foxfire Swarm, Rising Flame


You were on level 2 of the Dungeon.
You worshipped Ignis.
Ignis was extremely pleased with you.
You visited 1 branch of the dungeon, and saw 2 of its levels.

You collected 19 gold pieces.

Inventory:

Hand Weapons
 a - a -1 falchion of flaming (weapon)
Armour
 b - a +0 robe
 e - a +0 leather armour (worn)
Jewellery
 g - a ring of protection from fire (left hand)
 i - an amulet of regeneration (around neck)
Scrolls
 c - a scroll of teleportation {unknown}
 f - a scroll of fog {unknown}
Potions
 d - a potion of cancellation
 h - a potion of might {unknown}


   Skills:
 + Level 3.3 Fighting
 * Level 3.3 Long Blades
 - Level 1.0 Spellcasting
 - Level 2.6 Fire Magic


You had one spell level left.
You knew the following spells:

 Your Spells              Type           Power      Damage    Failure   Level
a - Scorch                Fire           18%        2d5       14%         2

Your spell library contained the following spells:

 Spells                   Type           Power      Damage    Failure   Level
 Magic Dart               Conj           0%         1d3       28%         1
 Searing Ray              Conj           0%         2d4       38%         2
 Fulminant Prism          Conj/Hex       0%         3d5       95%         4


Dungeon Overview and Level Annotations

Branches:
Dungeon (2/15)

Altars:

Annotations:
D:2 Sigmund


Innate Abilities, Weirdness & Mutations

You regenerate a little health from kills.
You have supernaturally acute eyesight. (SInv)
You are very agile. (Dex +8, Str/Int -2)
Your mind is acute. (Int +4, Str/Dex -1)


Message History

Sigmund flickers and vanishes!
Deactivating autopickup; reactivate with Ctrl-A.
You barely miss something. Something hits you.
You take 6 damage, and have 18/24 hp.
MASSIVE DAMAGE!!
You closely miss something. Something hits you.
You take 3 damage, and have 15/24 hp.
You barely miss something.
You hear some strange, mumbled words.
A magic dart appears from out of thin air!
The magic dart hits you but does no damage.
You closely miss something. Something hits you.
You take 2 damage, and have 14/24 hp.
You closely miss something. You barely miss something.
Something hits you but does no damage.
You regained 2 hp, and now have 17/24 hp.
You hit something but do no damage. Something hits you!
You take 8 damage, and have 9/24 hp.
MASSIVE DAMAGE!!
You closely miss something. Something hits you.
* * * LOW HITPOINT WARNING * * *
You take 3 damage, and have 6/24 hp.
It was a potion of cancellation.
You feel magically purged.
It was a potion of mutation.
You feel extremely strange.
You feel agile.
You feel clever.
You feel agile.
Your vision sharpens.
Reactivating autopickup.
Sigmund gestures at you while chanting. You resist with significant effort.
Unknown command.
You hit Sigmund. You burn Sigmund.
Sigmund is severely wounded.
Sigmund hits you with a +2 scythe of protection.
* * * LOW HITPOINT WARNING * * *
You take 4 damage, and have 4/24 hp.
You hit Sigmund. You burn Sigmund.
Sigmund is almost dead.
Sigmund completely misses you.
You hit Sigmund but do no damage. Your punch misses Sigmund.
Sigmund is almost dead.
Sigmund hits you with a +2 scythe of protection!
You die...
Sigmund begins carving another notch in his scythe.

#. #.# ... ##.#
..# #.#
#@######.#
#######.@......#
........#####....
.######## #


You could see Sigmund (invisible).

Vanquished Creatures
  A dart slug (D:1)
  2 ball pythons (D:1)
  A goblin (D:1)
  4 hobgoblins (D:1)
  A quokka (D:1)
  3 frilled lizards (D:1)
  2 kobolds (D:1)
  5 rats (D:1)
19 creatures vanquished.

Notes
Turn   | Place    | Note
-------+----------+-------------------------------------------
     0 | D:1      | jasper the Demonspawn Cinder Acolyte began the quest for
                  | the Orb.
     0 | D:1      | Reached XP level 1. HP: 18/18 MP: 2/2
    20 | D:1      | Found a faded altar of an unknown god.
   247 | D:1      | Gained mutation: You regenerate a little health from kills.
                  | [demonic ancestry]
   247 | D:1      | Reached XP level 2. HP: 22/24 MP: 3/3
   250 | D:1      | Learned a level 2 spell: Scorch
  1046 | D:2      | Noticed Sigmund
  1063 | D:2      | Gained mutation: You are agile. (Dex +4, Str/Int -1)
                  | [potion of mutation]
  1063 | D:2      | Gained mutation: Your mind is acute. (Int +4, Str/Dex -1)
                  | [potion of mutation]
  1063 | D:2      | Gained mutation: You are very agile. (Dex +8, Str/Int -2)
                  | [potion of mutation]
  1063 | D:2      | Gained mutation: You have supernaturally acute eyesight.
                  | (SInv) [potion of mutation]
  1066 | D:2      | Slain by Sigmund

Illustrated notes

Levels and vault maps discovered:
D:1:      amcnicky_arrival_choice, layout_loops_ring,
          nicolae_ecumenical_lake_church, serial_forest,
          infiniplex_forest_lined_room_2, infiniplex_forest_lined_1,
          infiniplex_forest_clump_small, infiniplex_forest_clump_small,
          infiniplex_forest_lined_2, infiniplex_forest_clump_small,
          infiniplex_forest_3_way, infiniplex_forest_lined_room_3
D:2:      layout_loops_ring, uniq_sigmund

Skill      XL: |  1 |
---------------+----+-----
Long Blades    | 3 |  3.3
Fighting       | |  3.3
Spellcasting   | |  1.0
Fire Magic     | |  2.6

Action                     || total
---------------------------++-------
  Melee: Falchion          ||    74
         Punch             ||     2
   Cast: Scorch            ||     2
 Invoke: Fiery Armour      ||     1
    Use: Potion            ||     2
 Armour: Leather armour    ||    45
         Robe              ||     2
  Dodge: Dodged            ||    29

Table legend: (Time is in decaauts)
 A = Elapsed time spent in this place.
 B = Non-inter-level travel time spent in this place.
 C = Inter-level travel time spent in this place.
 D = Time resting spent in this place.
 E = Time spent auto-exploring this place.
 F = Levels seen in this place.
 G = Mean time per level.
                   A        B        C        D        E       F      G
               +--------+--------+--------+--------+--------+-----+--------+
         Total |   1077 |   1048 |     29 |      2 |    827 |   2 |  538.5 |
       Dungeon |   1077 |   1048 |     29 |      2 |    827 |   2 |  538.5 |
               +--------+--------+--------+--------+--------+-----+--------+

Top non-repeatable levels by time:
     D:1: 1055 daAuts
     D:2: 21 daAuts
